 Dungeon Crawl Stone Soup version 0.28-a0-1382-g92835e5c71 (webtiles) character file.

Game seed: 5048983750865017015

79 YayAnonymity the Shooter (level 4, -2/33 HPs)
             Began as a Demonspawn Hunter on Jan 1, 2022.
             Slain by Terence (5 damage)
             ... on level 2 of the Dungeon.
             The game lasted 00:06:47 (2645 turns).

YayAnonymity the Shooter (Demonspawn Hunter)        Turns: 2645, Time: 00:06:48

Health: -2/33      AC: 15    Str: 20    XL:     4   Next: 16%
Magic:  4/4        EV: 11    Int: 13    God:
Gold:   50         SH:  0    Dex: 13    Spells: 3/3 levels left

rFire   . . .      SeeInvis .   b - +0 short sword
rCold   . . .      Faith    .   (no shield)
rNeg    . . .      Spirit   .   c - +0 leather armour
rPois   .          Reflect  .   (helmet restricted)
rElec   .          Harm     .   (no cloak)
rCorr   .          Rampage  .   m - +2 pair of gloves
Will    .....                   (no boots)
Stlth   +.........              (no amulet)
HPRegen 0.11/turn               j - +6 ring of strength
MPRegen 0.09/turn               (no ring)

@: sanguine armoured
A: antennae 1, sanguine armour 2
a: no special abilities


You were on level 2 of the Dungeon.
You visited 1 branch of the dungeon, and saw 2 of its levels.

You collected 50 gold pieces.

Inventory:

Hand Weapons
 a - a +1 shortbow
 b - a +0 short sword (weapon)
 o - a +0 long sword
Missiles
 d - 4 arrows
 n - 3 atropa-tipped darts (quivered)
Armour
 c - a +0 leather armour (worn)
 m - a +2 pair of gloves (worn)
Jewellery
 j - a +6 ring of strength (left hand)
Scrolls
 e - a scroll of identify {unknown}
 f - a scroll of blinking {unknown}
 g - a scroll of summoning {unknown}
 h - a scroll of amnesia {unknown}
Potions
 i - a potion of lignification {unknown}
 k - a potion of haste {unknown}
 l - a potion of cancellation {unknown}


   Skills:
 - Level 2.0 Fighting
 + Level 5.2 Bows
 - Level 1.7 Dodging
 - Level 0.8 Stealth


You had 3 spell levels left.
You didn't know any spells.
Your spell library was empty.

Dungeon Overview and Level Annotations

Branches:
Dungeon (2/15)

Altars:
Gozag

Shops:
D:1 [   D:2 [:?

Annotations:
D:2 Terence


Innate Abilities, Weirdness & Mutations

You have a pair of small antennae on your head.
When seriously injured, your blood forms thick armour. (AC +9)


Message History

You barely miss Terence.
Terence is severely wounded.
Terence says, "You're history."
Terence hits you with a +0 trident.
You closely miss Terence.
Terence is severely wounded.
Terence hits you but does no damage.
You barely miss Terence.
Terence is severely wounded.
Terence hits you with a +0 trident.
You hit Terence.
Terence is almost dead.
Terence completely misses you.
You barely miss Terence.
Terence is almost dead.
Terence hits you with a +0 trident.
You hit Terence but do no damage.
Terence is almost dead.
Terence completely misses you. Terence hits you but does no damage.
You completely miss Terence.
Terence is almost dead.
Terence hits you with a +0 trident!
* * * LOW HITPOINT WARNING * * *
You completely miss Terence.
Terence is almost dead.
Terence barely misses you.
You closely miss Terence.
Terence is almost dead.
Terence closely misses you.
You hit Terence but do no damage.
Terence is almost dead.
Terence hits you with a +0 trident.
* * * LOW HITPOINT WARNING * * *
You closely miss Terence.
Terence is almost dead.
Terence hits you but does no damage.
You barely miss Terence.
Terence is almost dead.
Terence hits you with a +0 trident.
You die...

######## #......# ###
#......#
.?..####......##########
....(.(.................
#...(@@......###..#####
......(.......# ##.# #
#.............# #8# #
#.....(.......# #.# ##
..............# .∩. #.
##......####### .<. #.
......... (8.. #.
##......# #. #...... #.


You could see Terence.

Vanquished Creatures
  2 gnolls (D:2)
  2 worms (D:2)
  6 endoplasms
  2 giant cockroaches (D:1)
  4 goblins
  A hobgoblin (D:1)
  10 jackals
  4 kobolds (D:1)
  3 quokkas (D:1)
  A ball python (D:1)
  3 bats
  2 frilled lizards
  8 rats
48 creatures vanquished.

Notes
Turn   | Place    | Note
-------+----------+-------------------------------------------
     0 | D:1      | YayAnonymity the Demonspawn Hunter began the quest for the
                  | Orb.
     0 | D:1      | Reached XP level 1. HP: 16/16 MP: 1/1
     3 | D:1      | Found Pisof's Antique Armour Emporium.
   210 | D:1      | Reached skill level 4 in Bows
   212 | D:1      | Gained mutation: You have a pair of small antennae on your
                  | head. [demonic ancestry]
   212 | D:1      | Reached XP level 2. HP: 21/22 MP: 2/2
  1089 | D:1      | Gained mutation: When seriously injured, your blood forms
                  | armour. (AC +9) [demonic ancestry]
  1089 | D:1      | Reached XP level 3. HP: 23/27 MP: 3/3
  1406 | D:1      | Found an opulent altar of Gozag.
  1634 | D:2      | Found Aroy's Magic Scroll Emporium.
  1830 | D:2      | Found Sacuxkot's Book Shoppe.
  1861 | D:2      | Reached skill level 5 in Bows
  2229 | D:2      | Gained mutation: When seriously injured, your blood forms
                  | thick armour. (AC +9) [demonic ancestry]
  2229 | D:2      | Reached XP level 4. HP: 22/33 MP: 4/4
  2537 | D:2      | Found a faded altar of an unknown god.
  2597 | D:2      | Found Sugyl's Antique Armour Boutique.
  2610 | D:2      | Noticed Terence
  2645 | D:2      | Slain by Terence

Illustrated notes

Levels and vault maps discovered:
D:1:      dpeg_arrival_lava_altar, layout_basic, serial_co_window_serial,
          co_window_corner_a, co_window_paths_b, co_window_corner_a,
          co_window_corner_a, co_window_paths_a, co_window_corner_b,
          co_window_2corner, co_window_cross_4, co_window_4corner_a,
          glass_columns_b, glass_columns_b, glass_columns_a, glass_columns_c,
          glass_columns_a, serial_shops, shop, corexii_item_surrounded_by_moat
D:2:      layout_basic, hellmonk_ecumenical_altar_crossroads, serial_shops,
          nicolae_shop_statue_plus, nicolae_shop_behind_doors,
          nicolae_shop_trees, shop, uniq_terence

Skill      XL: |  1  2  3 |
---------------+----------+-----
Bows           | 4 5 |  5.2
Fighting       | |  2.0
Dodging        | |  1.7
Stealth        | |  0.8

Action                   |  1- 3 |  4- 6 || total
-------------------------+-------+-------++-------
Melee: Short sword       |    71 |    15 ||    86
 Fire: Shortbow          |    64 |    14 ||    78
Throw: Dart              |     1 |     3 ||     4
 Stab: Invisible         |       |     1 ||     1
Armor: Leather armour    |    35 |     5 ||    40
Dodge: Dodged            |    78 |    10 ||    88

Table legend: (Time is in decaauts)
 A = Elapsed time spent in this place.
 B = Non-inter-level travel time spent in this place.
 C = Inter-level travel time spent in this place.
 D = Time resting spent in this place.
 E = Time spent auto-exploring this place.
 F = Levels seen in this place.
 G = Mean time per level.
                   A        B        C        D        E       F      G
               +--------+--------+--------+--------+--------+-----+--------+
         Total |   2651 |   2503 |    148 |    759 |    838 |   2 | 1325.5 |
       Dungeon |   2651 |   2503 |    148 |    759 |    838 |   2 | 1325.5 |
               +--------+--------+--------+--------+--------+-----+--------+

Top non-repeatable levels by time:
     D:1: 1994 daAuts
     D:2: 656 daAuts
